 Dungeon Crawl Stone Soup version 0.18.1-8-gdd0e5ea (webtiles) character file.

100 santipi the Grave Robber (level 4, 0/31 HPs)
             Began as a Vampire Necromancer on June 8, 2016.
             Slain by raikaria's ghost (1 damage)
             ... on level 3 of the Dungeon.
             The game lasted 00:14:14 (2576 turns).

santipi the Grave Robber (Vampire Necromancer)      Turns: 2576, Time: 00:14:14

Health: 0/31       AC:  3    Str:  7    XL:     4   Next: 46%
Magic:  3/7        EV: 13    Int: 18    God:
Gold:   22         SH:  0    Dex: 14    Spells: 2 memorised, 4 levels left

rFire  . . .     SeeInvis +     n - +0 dagger (drain)
rCold  . . .     Gourm    .     a - +0 robe
rNeg   + . .     Faith    .     (no shield)
rPois  .         Spirit   .     (no helmet)
rElec  .         Dismiss  .     (no cloak)
rCorr  .         Reflect  .     j - +0 pair of gloves
SustAt .         Harm     .     (no boots)
MR     +....                    (no amulet)
Stlth  +++.......               (no ring)
                                m - ring of protection from magic

@: somewhat resistant to hostile enchantments, fairly stealthy
A: fangs 3, see invisible, unbreathing
a: Bat Form


You were on level 3 of the Dungeon.
You were not thirsty.

You visited 1 branch of the dungeon, and saw 3 of its levels.

You collected 112 gold pieces.
You spent 90 gold pieces at shops.

Inventory:

Hand Weapons
 e - a +0 dagger
 n - a +0 dagger of draining (weapon)
Armour
 a - a +0 robe (worn)
 i - a +0 robe
 j - a +0 pair of gloves (worn)
Jewellery
 m - a ring of protection from magic (left hand)
Wands
 g - a wand of iceblast (5/15)
Scrolls
 d - 2 scrolls of remove curse
 f - 3 scrolls of identify
Potions
 c - 11 potions of blood
 h - a potion of invisibility
 k - a potion of cure mutation {unknown}
Books
 b - a book of Necromancy

   Spells                             Type                      Level
   a - Pain                           Necromancy                   1
   b - Animate Skeleton               Necromancy                   1
   c - Vampiric Draining              Necromancy                   3
   d - Regeneration                   Charms/Necromancy            3
   e - Animate Dead                   Necromancy                   4
   f - Control Undead                 Necromancy                   4


   Skills:
 + Level 0.6 Fighting
 + Level 0.2 Short Blades
 + Level 2.9 Dodging
 + Level 4.0 Stealth
 + Level 0.4 Unarmed Combat
 + Level 2.6 Spellcasting
 + Level 5.2 Necromancy


You had 4 spell levels left.
You knew the following spells:

 Your Spells              Type           Power        Failure   Level  Hunger
a - Pain                  Necr           ###.         1%          1    #......
b - Regeneration          Chrm/Necr      ##........   21%         3    ###....


Dungeon Overview and Level Annotations

Branches:
Dungeon (3/15)

Altars:
Makhleb
Zin
The Shining One

Annotations:
D:3 raikaria's ghost, amateur OgWr


Innate Abilities, Weirdness & Mutations

You have razor-sharp teeth.
You have supernaturally acute eyesight.
You can survive without breathing.


Message History

Raikaria's ghost closely misses you.
You closely miss raikaria's ghost.
Raikaria's ghost is moderately damaged.
Raikaria's ghost closely misses you.
You hit raikaria's ghost but do no damage.
Raikaria's ghost is moderately damaged.
Raikaria's ghost hits you!
* * * LOW HITPOINT WARNING * * *
You hit raikaria's ghost.
Raikaria's ghost is moderately damaged.
Your skin stops crawling.
Raikaria's ghost hits you.
* * * LOW HITPOINT WARNING * * *
Read which item? (? for menu, Esc to quit)
As you read the scroll labeled FINIBUR BAGYFORR, it crumbles to dust.
The scroll dissolves into smoke.
It was a scroll of fog.
Raikaria's ghost whispers, "Death doesn't hurt.
What you feel is life."
Raikaria's ghost hits you but does no damage.
You fail to use your ability.
Raikaria's ghost hits you.
You die...

.##########.##....###.%....#
.# #.##....# #......#
.##########.......# #......#
..........#.......# ####'#.#
..#######.........# #.#.#
..# ##........######.#.# ..#
#...............#.# ..#
#..##§###########.# ..#
##...§§@§# #.# ..# #..§§§W§#
#.# ..# #....§§§########s#
### ##.....§.......#.#
#.............#.#
........#........#.#
#..#.....#........#.#
.......>.#....!...#l#####
..8......#........+.....#


You could see raikaria's ghost.

Vanquished Creatures
  A hound skeleton (D:3)
  3 adders (D:2)
  An ooze (D:2)
  A worm (D:2)
  2 dart slugs
  A giant gecko (D:3)
  6 orcs (D:3)
  5 bats
  3 giant cockroaches
  2 goblins (D:2)
  5 hobgoblins
  A jackal (D:2)
  A ball python (D:1)
  4 giant newts
  2 kobolds
  10 rats
48 creatures vanquished.

Notes
Turn   | Place    | Note
--------------------------------------------------------------
     0 | D:1      | santipi the Vampire Necromancer began the quest for the Orb.
     0 | D:1      | Reached XP level 1. HP: 13/13 MP: 3/3
   338 | D:1      | Reached XP level 2. HP: 2/19 MP: 0/5
   652 | D:2      | Found a glowing golden altar of the Shining One.
   728 | D:2      | Reached skill level 5 in Necromancy
   760 | D:2      | Reached XP level 3. HP: 18/24 MP: 0/6
  1489 | D:3      | Noticed raikaria's ghost (amateur OgWr)
  1495 | D:3      | Reached XP level 4. HP: 22/30 MP: 7/7
  1929 | D:3      | Found a faded altar to an unknown god.
  2051 | D:3      | Learned a level 3 spell: Regeneration
  2424 | D:3      | Found a burning altar of Makhleb.
  2450 | D:3      | Found Zin's Purification Station.
  2453 | D:3      | Found a glowing silver altar of Zin.
  2461 | D:3      | Bought a potion of curing for 90 gold pieces
  2574 | D:3      | HP: 1/31 [raikaria's ghost (6)]
  2576 | D:3      | Slain by raikaria's ghost

Skill      XL: |  1  2  3  4 |
---------------+-------------+-----
Necromancy     | 5 |  5.2
Stealth        | 4 |  4.0
Fighting       | |  0.6
Short Blades   | |  0.2
Dodging        | |  2.9
Unarmed Combat | |  0.4
Spellcasting   | |  2.6

Action                   |  1- 3 |  4- 6 || total
-------------------------+-------+-------++-------
Melee: Unarmed           |    37 |    20 ||    57
       Bite              |     5 |     6 ||    11
       Dagger            |    27 |    81 ||   108
       Punch             |       |     1 ||     1
 Cast: Pain              |    48 |     1 ||    49
       Regeneration      |       |     4 ||     4
 Abil: End Transformatio |       |     2 ||     2
       Bat Form          |       |     2 ||     2
  Use: Potion            |     6 |     6 ||    12
       Scroll            |     4 |     3 ||     7
 Stab: Sleeping          |     9 |     2 ||    11
Armor: Robe              |    21 |    12 ||    33
Dodge: Dodged            |    48 |    71 ||   119
